woodfighter, lawful female human Archeologist I .)%.. ------- ..)%.. |....)|).)%.). |..%.@/%...... | |.....|).... |...%%|.. |..-%---- |..|....| |..|..^.| --------- woodfighter the Exhumer Experience level: 11 Strength: 18/03 Dexterity: 17 Constitution: 16 Intelligence: 17 Wisdom: 17 Charisma: 8 Health: 69(84) Energy: 79(79) Def: 19 Gold: 0 Moves: 19463 Dungeon seed: C54_r7qWmhnvSQ22 Game ID: woodfighter_1596992720 Your Inventory: Amulets C - an uncursed amulet of reflection (being worn) Weapons a - a blessed rusty corroded +7 dwarvish mattock (weapon in hands) A - a +0 sling (alternate weapon; not wielded) Armor e - a blessed +1 cloak of invisibility (being worn) m - a blessed +2 orcish helm (being worn) z - an uncursed +0 pair of jumping boots (being worn) E - an uncursed +0 pair of leather gloves (being worn) G - an uncursed -3 pair of gauntlets of dexterity Y - an uncursed +0 dwarvish mithril-coat (being worn) Comestibles k - an uncursed cockatrice egg J - 2 uncursed chestnuts Z - an uncursed lizard corpse Rings c - an uncursed ring of free action (on left hand) n - an uncursed ring of fire resistance (on right hand) Wands d - a wand of sleep (0:4) f - a wand of teleportation (0:2) g - a wand of lightning (0:6) h - a wand of digging (0:7) l - a wand of cold (0:3) Tools q - a -1 unicorn horn s - a blessed bag of holding w - an uncursed magic whistle y - an uncursed skeleton key W - an uncursed towel Gems t - a blessed luckstone N - 9 uncursed flints (in quiver) P - an uncursed touchstone Contents of the bag of holding: 1512 gold pieces an uncursed [+0] mummy wrapping a [cursed] [-5] pair of fumble boots 3 [uncursed] K-rations 2 uncursed eucalyptus leaves 6 uncursed food rations 3 uncursed lizard corpses an uncursed sprig of wolfsbane a [uncursed] tin [of iguana meat] a [uncursed] scroll of blank paper a [uncursed] potion of confusion a [uncursed] potion of sickness a [uncursed] potion of speed a [cursed] ring of aggravate monster a [uncursed] ring of fire resistance a [uncursed] wand of striking [0:5] Spells and supernatural/magical abilities: Name Level Category Fail Memory x - extra healing 3 healing 100% 74% W - pray for help -- divine ? -- Y - supernatural jump -- ability ? -- Your skills at the end: Miscellaneous Skills wands [Basic] Weapon Skills pick-axe [Expert] whip [Basic] Spellcasting Skills Final Attributes: You were fervently aligned. You were fire resistant. You were cold resistant. You were sleep resistant. You were shock resistant. Your writing hand was ok. You saw invisible. You were telepathic. You had automatic searching. You were invisible to others. You were somewhat stealthy. You could jump. You were protected. You were fast. You had reflection. You had free action. You were lucky. You had extra luck. Good luck did not time out for you. You are dead. Vanquished creatures: a young green dragon a captain a clay golem 2 nurses 2 black puddings 3 vampires a ghost a lieutenant a winged gargoyle 2 giant mimics 3 ice trolls an umber hulk a doppelganger 3 stalkers a water elemental 2 sergeants 6 wargs a winter wolf a quantum mechanic a small mimic a glass piercer 2 warhorses an ettin mummy 3 ogre lords 2 trolls a sasquatch 2 flaming spheres a shocking sphere 3 large cats a tiger a tengu a gelatinous cube an ochre jelly 2 crocodiles 3 chameleons a leocrotta a giant an elf mummy 2 human mummies 8 Grey-elves 3 cobras a wraith 2 ettin zombies 19 soldiers an incubus 3 giant beetles 3 cockatrices a wolf a black light a lynx 2 gremlins 3 quivering blobs 5 lizards 2 mountain nymphs 3 orc-captains a mumak 3 giant spiders a scorpion an iron piercer a vampire bat 2 forest centaurs 3 gnome kings 2 dwarf mummies 6 Green-elves a rust monster 5 owlbears a gold golem a werewolf 8 piranhas 8 chickatrices 2 dogs 2 housecats 3 jaguars 3 dwarf lords 2 blue jellies 3 water nymphs 3 dust vortices 3 ravens 2 plains centaurs 2 gnome mummies 7 Woodland-elves 3 snakes 4 apes 2 human zombies a rope golem 4 soldier ants 4 yellow lights 3 bugbears an imp a baby crocodile 3 wood nymphs 13 Mordor orcs 2 orc shamans 3 rock moles 3 rock piercers 3 fog clouds a shrieker 4 violet fungi 16 gnome lords 7 gnomish wizards 3 kobold mummies 4 gray oozes 2 barrow wights a ghoul 3 straw golems a paper golem 11 giant ants 10 floating eyes a kitten 9 dwarves 3 homunculi 2 kobold lords 4 iguanas 13 rothes 4 rabid rats 6 jitterbugs 2 giant bats 5 orc zombies a dwarf zombie a wererat 12 killer bees a coyote 6 hobbits 5 acid blobs 3 large kobolds 3 geckos 5 hobgoblins 9 giant rats 7 cave spiders a brown mold 5 yellow molds 5 green molds 3 red molds 64 gnomes 10 garter snakes 15 manes 2 gnome zombies 12 jackals 3 foxes 2 kobolds 10 newts 3 goblins 14 sewer rats 13 grid bugs 4 bats 3 lichens a kobold zombie 584 creatures vanquished. Voluntary challenges: You were not displaced. You used a wielded weapon 1380 times, starting on turn 191. You did not use plumbed fixtures. You read items or engraved 18 times, starting on turn 7633. You never genocided any monsters. You never polymorphed an object. You never changed form. You cheated 4 times but completed Sokoban on turn 9082. You used no wishes. You split 1 pudding, starting on turn 18376. You never wrote Elbereth's name. You never violated your personal moral code. Dungeon overview: The Dungeons of Doom: levels 1 to 23 Level 1 a long staircase Level 2 (water) stairs to The Gnomish Mines Level 3 a potion shop, an altar to Huhetotl Level 4 a fountain, a sink Level 5 (stash) a fountain Level 6 some fountains Level 7 many fountains Level 8 some fountains stairs to Sokoban Level 9 (vault) some fountains Level 10 (water) a fountain Level 11 a temple to Camaxtli, a fountain Level 12 Level 13 a fountain portal to Fort Ludios Level 14 (water + quest) Level 15 (water) Level 16 (vault) Level 17 (rogue, bones, BoH) Level 18 (vault) a fountain Level 19 a temple to Camaxtli, a fountain Level 20 an altar to Camaxtli, a fountain Level 21 (dragons + vault) an altar to Camaxtli, a fountain Level 22 a fountain Level 23 (medusa) The Gnomish Mines: levels 3 to 10 Level 3 stairs to The Dungeons of Doom Level 4 Level 5 Level 6 many shops, a temple to Quetzalcoatl, a magic chest, some fountains Level 7 Level 8 Level 9 Level 10 (white uni) a magic chest, a fountain Sokoban: levels 4 to 7 Level 4 a magic chest Level 5 Level 6 Level 7 an altar to Camaxtli, a magic chest stairs to The Dungeons of Doom Fort Ludios: Level 1 <- You were here portal to The Dungeons of Doom History has recorded: On T:1 you entered the Dungeons of Doom to retrieve the Amulet of Yendor! On T:189 you reached level 2 of The Dungeons of Doom. On T:333 you reached level 1 of The Gnomish Mines. On T:410 you reached level 3 of The Dungeons of Doom. On T:424 you advanced to experience level 2. On T:439 you advanced to experience level 3. On T:518 you advanced to experience level 4. On T:580 you reached level 2 of The Gnomish Mines. On T:674 you advanced to experience level 5. On T:727 you prayed to Quetzalcoatl. On T:753 you reached level 3 of The Gnomish Mines. On T:1031 you advanced to experience level 6. On T:1676 you prayed to Quetzalcoatl. On T:1955 you reached level 4 of The Gnomish Mines. On T:2192 you reached level 5 of The Gnomish Mines. On T:2244 you opened a magic chest. On T:2249 you entered the Minetown temple On T:2750 you advanced to experience level 7. On T:3511 you reached level 6 of The Gnomish Mines. On T:4361 you reached level 4 of The Dungeons of Doom. On T:4766 you reached level 5 of The Dungeons of Doom. On T:4970 you reached level 6 of The Dungeons of Doom. On T:5257 you advanced to experience level 8. On T:5430 you reached level 7 of The Dungeons of Doom. On T:5609 you reached level 8 of The Dungeons of Doom. On T:6714 you reached level 4 of Sokoban. On T:6875 you prayed to Quetzalcoatl. On T:7109 you reached level 3 of Sokoban. On T:7971 you reached level 2 of Sokoban. On T:8425 you reached level 1 of Sokoban. On T:9082 you entered the Sokoban zoo. On T:9307 you advanced to experience level 9. On T:9867 you reached level 7 of The Gnomish Mines. On T:9993 you reached level 8 of The Gnomish Mines. On T:9993 you reached the bottom of the Mines. On T:11444 you reached level 9 of The Dungeons of Doom. On T:11484 you reached level 10 of The Dungeons of Doom. On T:11772 you reached level 11 of The Dungeons of Doom. On T:12040 you reached level 12 of The Dungeons of Doom. On T:12564 you reached level 13 of The Dungeons of Doom. On T:12816 you reached level 14 of The Dungeons of Doom. On T:13154 you reached Fort Ludios. On T:13208 you advanced to experience level 10. On T:13469 you reached level 15 of The Dungeons of Doom. On T:14765 you prayed to Quetzalcoatl. On T:14960 you reached level 16 of The Dungeons of Doom. On T:15081 you reached level 17 of The Dungeons of Doom. On T:15081 you entered the Rogue tribute level. On T:16483 you prayed to Quetzalcoatl. On T:17128 you reached level 18 of The Dungeons of Doom. On T:17581 you reached level 19 of The Dungeons of Doom. On T:17689 you advanced to experience level 11. On T:17954 you reached level 20 of The Dungeons of Doom. On T:18276 you reached level 21 of The Dungeons of Doom. On T:18656 you reached level 23 of The Dungeons of Doom. On T:18690 you reached level 22 of The Dungeons of Doom. Score breakdown: Gold: 1512 ( 151 points) Experience: 11 levels ( 1000 points) Exploration: 23 levels ( 660 points) Discoveries: 75 items ( 2000 points) Variety of kills: 147 monsters ( 2000 points) Major goal: Sokoban/Mines ( 1500 points) Survival: died (score multiplied by 3) Total score: 21933 Latest messages: You stop eating. You hit the soldier! You kill the soldier! The soldier picks up 4 spears. You hit the soldier! (2x) You kill the soldier! The soldier picks up a tin wand. You hit the soldier! The soldier bumps right into you! You hit the soldier! You kill the soldier! The soldier picks up a vulgar polearm. You hit the soldier! The soldier bumps right into you! You hit the soldier! You kill the soldier! The winged gargoyle picks up a tin wand. You hit the winged gargoyle! The winged gargoyle bumps right into you! You hit the winged gargoyle! (2x) The winged gargoyle zaps a tin wand! The death ray whizzes by you! The death ray bounces! The death ray hits you! But it is disrupted by your medallion! The winged gargoyle is caught in the death field! The winged gargoyle is killed! Final status: Goodbye woodfighter the Archeologist, killed by a death field... You died in Fort Ludios with 21933 points, and 1512 pieces of gold, after 19463 moves. You were level 11 with a maximum of 84 hit points when you died.